 Dungeon Crawl Stone Soup version 0.20-a0-4-gd166d5d (webtiles) character file.

9585 Kaname the Tainter (level 11, -1/79 HPs)
             Began as a Demonspawn Venom Mage on Oct 31, 2016.
             Was an Elder of Okawaru.
             Slain by a hill giant
             ... wielding a +0 giant club
              (34 damage)
             ... on level 10 of the Dungeon.
             The game lasted 00:53:37 (18088 turns).

Kaname the Tainter (Demonspawn Venom Mage)         Turns: 18088, Time: 00:53:37

Health: -1/79      AC:  6    Str: 10    XL:     11   Next: 25%
Magic:  9/23       EV: 12    Int: 19    God:    Okawaru [****..]
Gold:   398        SH:  0    Dex: 18    Spells: 3 memorised, 8 levels left

rFire  . . .     SeeInvis .     w - +9 halberd "Labuzxae" {flame, Dex+5}
rCold  + . .     Gourm    .     n - +0 leather armour
rNeg   . . .     Faith    .     (shield currently unavailable)
rPois  .         Spirit   .     i - +2 helmet
rElec  .         Reflect  .     B - +0 cloak
rCorr  .         Harm     .     g - +0 pair of gloves
MR     ++...                    (no boots)
Stlth  +++.......               (no amulet)
                                E - ring of protection from magic
                                e - ring of magical power

@: no status effects
A: hooves 2, cold resistance 1, deformed body, low mp 2, magic resistance 1,
powered by death 1, screaming 1
a: Heroism, Renounce Religion


You were on level 10 of the Dungeon.
You worshipped Okawaru.
Okawaru was greatly pleased with you.
You were very hungry.

You visited 2 branches of the dungeon, and saw 12 of its levels.

You collected 632 gold pieces.
You spent 234 gold pieces at shops.

Inventory:

Hand Weapons
 w - the +9 halberd "Labuzxae" (weapon) {flame, Dex+5}
   (You found it on level 9 of the Dungeon)

   It has been specially enchanted to burn those struck by it, causing extra
   injury to most foes and up to half again as much damage against particularly
   susceptible opponents.
   Big, fiery blades are also staple armaments of hydra-hunters.
   It affects your dexterity (+5).
 O - a cursed -3 dagger
Missiles
 t - 5 javelins of penetration
 y - 2 throwing nets (quivered)
Armour
 g - a +0 pair of gloves (worn)
 i - a +2 helmet (worn)
 n - a +0 leather armour (worn)
 B - a +0 cloak (worn)
Magical Staves
 H - an uncursed staff of power
Jewellery
 e - a ring of magical power (left hand)
 C - an uncursed ring of flight
 D - an uncursed ring of protection from cold
 E - a ring of protection from magic (right hand)
Wands
 p - a wand of iceblast (0/15)
 z - a wand of iceblast (0/15)
Scrolls
 a - 3 scrolls of amnesia
 b - a scroll of immolation {unknown}
 l - 4 scrolls of teleportation
 m - 2 scrolls of enchant weapon
 o - 3 scrolls of enchant armour
 r - 5 scrolls of remove curse
 A - 2 scrolls of fog
 F - a scroll of magic mapping {unknown}
 I - 2 scrolls of identify
 J - a scroll of brand weapon {unknown}
 M - 3 scrolls of fear {unknown}
 N - a scroll of recharging {unknown}
Potions
 d - 4 potions of lignification
 f - a potion of heal wounds
 h - a potion of flight
 j - 2 potions of curing
 k - a potion of invisibility {unknown}
 q - 2 potions of ambrosia {unknown}
 s - 4 potions of agility {unknown}
 x - a potion of brilliance {unknown}
 G - 2 potions of magic {unknown}
 K - a potion of might {unknown}
Comestibles
 c - 8 bread rations
 u - 11 royal jellies
 v - 7 beef jerkies


   Skills:
 - Level 5.0 Fighting
 + Level 1.5 Short Blades
 - Level 1.7 Dodging
 - Level 5.0 Stealth
   Level 4.1 Shields
 - Level 5.1 Spellcasting
 - Level 10.1 Conjurations
 - Level 2.0 Air Magic
 - Level 10.2 Poison Magic
 - Level 4.2 Invocations


You had 8 spell levels left.
You knew the following spells:

 Your Spells              Type           Power        Failure   Level  Hunger
a - Venom Bolt            Conj/Pois      #####.....   10%         5    ######.
b - Mephitic Cloud        Conj/Pois/Air  ####....     2%          3    ##.....
c - Olgreb's Toxic Radia  Pois           #####...     2%          4    ####...


Dungeon Overview and Level Annotations

Branches:
Dungeon (11/15)            Temple (1/1) D:4            Lair (0/6) D:10
    Orc: D:9-12

Altars:
Ashenzari
Cheibriados
Dithmenos
Elyvilon
Fedhas
Gozag
Hepliaklqana
Kikubaaqudgha
Makhleb
Nemelex Xobeh
Okawaru
Qazlal
Ru
Sif Muna
Trog
Uskayaw
Vehumet
Xom
Yredelemnul
Zin
The Shining One

Shops:
D:7 [*


Innate Abilities, Weirdness & Mutations

You have hoof-like feet.
Your flesh is cold resistant. (rC+)
You regenerate a little health from kills.
Armour fits poorly on your strangely shaped body.
Your magical capacity is very low. (-20% MP)
You are resistant to hostile enchantments. (MR+)
You occasionally shout uncontrollably at your foes.


Message History

There is a stone staircase leading down here.
Casting: Venom Bolt
Confirm with . or Enter, or press ? or * to list all spells.
Aiming: Venom Bolt
Press: ? - help, Shift-Dir - straight line, f - hill giant
Aim: a hill giant, wielding a giant club (heavily wounded)
The bolt of poison hits the hill giant.
The hill giant is severely wounded.
The hill giant hits you with a giant club!!
The hill giant hits you with a giant club!
Casting: Venom Bolt
Confirm with . or Enter, or press ? or * to list all spells.
Aiming: Venom Bolt
Press: ? - help, Shift-Dir - straight line, f/p - hill giant
Aim: a hill giant, wielding a giant club (severely wounded)
The bolt of poison hits the hill giant.
The hill giant is almost dead.
You are feeling very hungry.
The hill giant hits you with a giant club!!
You die...

#.# ##.## #.# ##...##
#.##### #########=..[.##
#.....#####..............#
####....................##
##..####...#######...##
#........#...# ##.##
###...####...#.######.#
.......<.)...#>C@.....#
###...######.#######..##
#[#.# #.# ##...# #.#.#
#.######....### #.#.#
#.............# #.#.#
#.######....#.# #.#.# #.#
##>#.#.# ##.#.######.#
#.#.#.# #...........#####
#.#.#.#


You could see a hill giant.

Vanquished Creatures
  2 hill giants
  Pikel (D:7)
  2 centaur zombies (D:10)
  2 trolls
  3 hornets (D:8)
  Grinder (D:3)
  A hippogriff (D:9)
  Sigmund (D:5)
  A hungry ghost (D:8)
  Eustachio (D:5)
  3 wargs (D:10)
  6 yaks (D:10)
  Edmund (D:3)
  A soldier ant (D:8)
  4 slaves
  2 black bears
  3 orc warriors
  2 sky beasts
  4 ogres
  6 centaurs
  3 big kobolds
  Blork the orc (D:4)
  A bullfrog (D:6)
  7 scorpions
  6 killer bees (D:10)
  5 wights (D:6)
  3 howler monkeys
  6 crimson imps
  A quasit (D:10)
  6 hounds
  A jelly (D:7)
  3 bullfrog zombies
  A centaur skeleton (D:4)
  8 orc priests
  6 orc wizards
  An iron imp (D:6)
  Ijyb (D:2)
  A bullfrog skeleton (D:4)
  5 iguanas
  8 worker ants
  2 hound zombies
  Robin (D:2)
  7 gnolls
  21 adders
  2 shadow imps
  2 oozes
  4 adder zombies
  2 adder skeletons
  5 worms
  A dart slug (D:4)
  8 leopard geckos
  37 orcs
  3 ball pythons
  5 giant cockroaches
  11 hobgoblins
  13 jackals
  12 kobolds
  3 quokkas
  8 bats
  9 frilled lizards
  14 goblins
  5 rats
296 creatures vanquished.

Vanquished Creatures (others)
  A wizard (D:8)
1 creature vanquished.

Grand Total: 297 creatures vanquished

Notes
Turn   | Place    | Note
-------+----------+-------------------------------------------
     0 | D:1      | Kaname the Demonspawn Venom Mage began the quest for the Orb.
     0 | D:1      | Reached XP level 1. HP: 13/13 MP: 3/3
   228 | D:1      | Reached skill level 1 in Conjurations
   495 | D:1      | Gained mutation: Your flesh is cold resistant. (rC+) [demonic ancestry]
   495 | D:1      | Reached XP level 2. HP: 17/19 MP: 5/5
  1205 | D:2      | Reached XP level 3. HP: 20/24 MP: 0/6
  1844 | D:2      | Learned a level 3 spell: Mephitic Cloud
  2111 | D:2      | Reached XP level 4. HP: 24/30 MP: 4/7
  2129 | D:2      | Noticed Robin
  2134 | D:2      | Killed Robin
  2386 | D:2      | Found a faded altar of an unknown god.
  2443 | D:2      | Noticed Ijyb
  2549 | D:2      | Killed Ijyb
  2549 | D:2      | Reached skill level 1 in Air Magic
  2875 | D:2      | Reached XP level 5. HP: 35/35 MP: 5/8
  2888 | D:2      | Learned a level 4 spell: Olgreb's Toxic Radiance
  2954 | D:3      | Reached skill level 1 in Shields
  3535 | D:3      | Noticed Grinder
  3724 | D:3      | Found an opulent altar of Gozag.
  4489 | D:2      | Reached XP level 6. HP: 29/41 MP: 7/9
  4925 | D:4      | Noticed Edmund
  5167 | D:4      | Noticed Blork the orc
  5386 | D:4      | Found a stormy altar of Qazlal.
  6087 | D:4      | Found a basalt altar of Yredelemnul.
  6105 | D:4      | Reached skill level 5 in Poison Magic
  6105 | D:4      | Gained mutation: You have large cloven feet. [demonic ancestry]
  6105 | D:4      | Reached XP level 7. HP: 46/46 MP: 10/10
  6169 | D:4      | Found a staircase to the Ecumenical Temple.
  6322 | D:3      | Killed Edmund
  6502 | D:3      | Found an opulent altar of Gozag.
  6741 | D:3      | Gained mutation: Your magical capacity is low. (-10% MP) [potion of mutation]
  6741 | D:3      | Gained mutation: Armour fits poorly on your strangely shaped body. [potion of mutation]
  6741 | D:3      | Gained mutation: You are resistant to hostile enchantments. (MR+) [potion of mutation]
  6767 | D:3      | Killed Grinder
  7301 | Temple   | Entered the Ecumenical Temple
  7698 | D:4      | Killed Blork the orc
  7818 | D:5      | Entered Level 5 of the Dungeon
  8003 | D:5      | Noticed Sigmund
  8016 | D:5      | Reached XP level 8. HP: 48/52 MP: 9/9
  8019 | D:5      | Killed Sigmund
  8106 | D:5      | Reached skill level 5 in Conjurations
  8135 | D:5      | Noticed Eustachio
  8165 | D:5      | Killed Eustachio
  9739 | D:6      | Reached XP level 9. HP: 49/57 MP: 10/10
 10238 | D:6      | Found a snail-covered altar of Cheibriados.
 11056 | D:7      | Found an ancient bone altar of Kikubaaqudgha.
 11428 | D:7      | Noticed Pikel
 11924 | D:7      | Found Ifauw's General Store.
 11933 | D:7      | Bought a scroll of remove curse for 39 gold pieces
 11933 | D:7      | Bought a potion of heal wounds for 65 gold pieces
 11933 | D:7      | Bought a potion of haste for 130 gold pieces
 12006 | D:7      | Found Riluseh's Antique Armour Emporium.
 12040 | D:7      | Found a burning altar of Makhleb.
 12150 | D:7      | Killed Pikel
 12150 | D:7      | Reached skill level 10 in Poison Magic
 12246 | D:7      | Found an ancient bone altar of Kikubaaqudgha.
 12281 | D:7      | Found an iron altar of Okawaru.
 12284 | D:7      | Became a worshipper of Warmaster Okawaru
 12456 | D:8      | Found a bloodstained altar of Trog.
 12481 | D:8      | Noticed a wizard
 12486 | D:8      | Killed a wizard
 12615 | D:8      | Found an opulent altar of Gozag.
 12645 | D:8      | Learned a level 5 spell: Venom Bolt
 12767 | D:8      | Found a shattered altar of Ashenzari.
 13560 | D:8      | Found a white marble altar of Elyvilon.
 13602 | D:8      | Gained mutation: You have hoof-like feet. [demonic ancestry]
 13602 | D:8      | Reached XP level 10. HP: 63/63 MP: 11/11
 13645 | D:8      | Reached * piety under Okawaru
 13846 | D:8      | Reached skill level 10 in Conjurations
 14041 | D:8      | Found a radiant altar of Vehumet.
 14129 | D:9      | Found a hazy altar of Hepliaklqana.
 14148 | D:9      | Reached skill level 1 in Fighting
 14492 | D:9      | Reached skill level 1 in Invocations
 14501 | D:9      | Noticed a hill giant
 14515 | D:9      | Killed a hill giant
 14515 | D:9      | Reached ** piety under Okawaru
 15036 | D:9      | Got a translucent halberd
 15037 | D:9      | Identified the +9 halberd "Labuzxae" {flame, Dex+5} (You found it on level 9 of the Dungeon)
 15526 | D:9      | Gained mutation: Your magical capacity is very low. (-20% MP) [mutagenic meat]
 15527 | D:9      | Gained mutation: You occasionally shout uncontrollably at your foes. [mutagenic meat]
 15727 | D:8      | Found an opulent altar of Gozag.
 15734 | D:8      | Found a shattered altar of Ashenzari.
 15838 | D:8      | Reached skill level 5 in Fighting
 16028 | D:8      | Found a white marble altar of Elyvilon.
 16285 | D:8      | Found a bloodstained altar of Trog.
 16536 | D:8      | Found a radiant altar of Vehumet.
 16768 | D:10     | Entered Level 10 of the Dungeon
 17191 | D:10     | Found a staircase to the Lair.
 17258 | D:10     | Noticed a hill giant
 17274 | D:10     | Killed a hill giant
 17274 | D:10     | Reached *** piety under Okawaru
 17331 | D:10     | Reached skill level 5 in Spellcasting
 17347 | D:10     | Gained mutation: You regenerate a little health from kills. [demonic ancestry]
 17347 | D:10     | Reached XP level 11. HP: 64/79 MP: 11/14
 17682 | D:10     | Reached **** piety under Okawaru
 17694 | D:10     | Reached skill level 5 in Stealth
 17847 | D:10     | Reached skill level 1 in Short Blades
 18081 | D:11     | Noticed a hill giant
 18081 | D:11     | Noticed a green ugly thing
 18088 | D:10     | Slain by a hill giant

Vault maps used:
D:1:      dpeg_arrival_erosion
D:2:      serial_co_window_serial, co_window_corner_a, co_window_corner_a,
          co_window_cross_1, co_window_corner_a, co_window_paths_a,
          co_window_broadway_b, co_window_broadway_a,
          co_window_of_opportunity_b, co_window_broadway_a, co_window_cross_2,
          co_window_paths_d, glass_columns_a, glass_columns_a, glass_columns_b,
          ecumenical_altar_1, minmay_tetromino_s2, uniq_robin, uniq_iyjb
D:3:      first_bread, nicolae_gozag_seed_capital, uniq_grinder
D:4:      kennysheep_six_static_rooms, yredelemnul_altar_generic,
          lemuel_coloured_pillars_altar, uniq_edmund, uniq_blork_the_orc
D:5:      uniq_eustachio, uniq_sigmund
D:6:      slow_altar_1
D:7:      lemuel_crystal_altar, makhleb_grotto_becter, kennysheep_mini,
          serial_shops, shop, shop, basic_altar, uniq_pikel
D:8:      kennysheep_little_box, grunt_temple_overflow_open,
          nicolae_overflow_hidden_temple, hangedman_pestilent_swarm, trog_wizard
D:9:      wad_crossroads, lemuel_round_altar
D:10:     erik_lair_orcish_takeover
D:11:     serial_shops, shop_fountains,
          nicolae_dithmenos_through_a_glass_darkly, uniq_snorg
Temple:   jpeg_temple_alley_garden

Skill      XL: |  1  2  3  4  5  6  7  8  9 10 11 |
---------------+----------------------------------+-----
Conjurations   | 1 2 3 4 7 9 10 | 10.1
Air Magic      | 2 |  2.0
Shields        | 2 4 |  4.1
Poison Magic   | 5 6 8 10 | 10.2
Fighting       | 5 |  5.0
Invocations    | 4 |  4.2
Spellcasting   | 5 |  5.1
Stealth        | 2 5 |  5.0
Short Blades   | 1 |  1.5
Dodging        | |  1.7

Action                   |  1- 3 |  4- 6 |  7- 9 | 10-12 || total
-------------------------+-------+-------+-------+-------++-------
Melee: Unarmed           |    36 |       |       |       ||    36
       Dagger            |    98 |    62 |       |       ||   160
       Trident           |       |   216 |    37 |       ||   253
       Kick              |       |       |    68 |    43 ||   111
       Battleaxe         |       |       |   357 |    81 ||   438
       Halberd           |       |       |       |   121 ||   121
 Cast: Sting             |    66 |    98 |   115 |       ||   279
       Mephitic Cloud    |       |     2 |     6 |     4 ||    12
       Olgreb's Toxic Ra |       |       |    20 |    16 ||    36
       Venom Bolt        |       |       |     2 |    18 ||    20
Invok: Heroism           |       |       |       |     2 ||     2
Evoke: Wand              |       |       |     3 |     2 ||     5
  Use: Scroll            |       |     6 |     7 |     5 ||    18
       Potion            |       |     1 |     9 |     3 ||    13
 Stab: Confused          |       |     2 |     1 |     1 ||     4
       Sleeping          |       |     1 |       |     1 ||     2
       Distracted        |       |       |       |     1 ||     1
  Eat: Chunk             |     3 |    16 |    30 |    14 ||    63
       Pizza             |     1 |       |     1 |       ||     2
       Meat ration       |       |       |     1 |       ||     1
       Fruit             |       |       |     4 |     1 ||     5
       Beef jerky        |       |       |       |     4 ||     4
       Bread ration      |       |       |       |     1 ||     1
Armor: Robe              |    14 |       |       |       ||    14
       Leather armour    |    42 |    96 |   171 |    66 ||   375
       Skin              |       |       |    17 |     5 ||    22
Dodge: Dodged            |    95 |   131 |   298 |   155 ||   679
Block: Buckler           |       |    38 |     4 |       ||    42
